 Dungeon Crawl Stone Soup version 0.30-a0-1160-g6e42c06551 (webtiles) character file.

Game seed: 9990122107234121350

78108 glacial86 the Executioner (level 15, 0/133 HPs)
             Began as a Hill Orc Fighter on Apr 26, 2023.
             Was an Elder of Okawaru.
             Slain by a spark wasp (16 damage)
             ... on level 4 of the Spider Nest on Apr 27, 2023.
             The game lasted 01:32:32 (22658 turns).

glacial86 the Executioner (Hill Orc Fighter)       Turns: 22658, Time: 01:32:33

Health: 0/133      AC: 35    Str: 29    XL:     15   Next: 59%
Magic:  23/23      EV:  7    Int: 11    God:    Okawaru [****..]
Gold:   735        SH: 13    Dex: 13    Spells: 25/25 levels left

rFire   + + .        a - +2 war axe (vamp)
rCold   . . .        I - +2 kite shield {AC+3}
rNeg    . . .        p - +8 plate armour of Baldness {rPois}
rPois   +            (helmet restricted)
rElec   .            P - +1 cloak {rF+}
rCorr   .            W - +2 pair of gloves {Stlth+}
SInv    .            j - +2 pair of boots {Fly}
Will    +....        (no amulet) Stlth
                     z - +6 ring of strength
HPRegen 0.42/turn    N - ring of protection from fire
MPRegen 0.18/turn

%: random rage (3%)
@: flying
A: horns 1, agile 1, berserk 1, clever 1, sense surroundings 1, weak 1, noise
suppression
a: Renounce Religion, Heroism, Finesse


You were on level 4 of the Spider Nest.
You worshipped Okawaru.
Okawaru was greatly pleased with you.
You visited 4 branches of the dungeon, and saw 18 of its levels.
You also visited: Volcano.

You collected 1331 gold pieces.
You spent 596 gold pieces at shops.

Inventory:

Hand Weapons
 a - a +2 vampiric war axe (weapon)
 i - a +2 hand axe of venom
 A - a +2 halberd of flaming
 C - a +4 hand axe
 S - a +0 spectral demon whip
 X - a +5 dire flail
 Y - a +2 great mace of flaming
Missiles
 q - 14 poisoned darts (quivered)
 r - 13 boomerangs
 y - 3 atropa-tipped darts
 E - 3 silver javelins
 F - 2 boomerangs of dispersal
 L - 9 javelins
Armour
 j - a +2 pair of boots of flying (worn)
 p - the +8 plate armour of Baldness (worn) {rPois}
   (You found it on level 1 of the Lair of Beasts)

   rPois:     It protects you from poison.
 D - a +2 chain mail of fire resistance
 I - a +2 kite shield of protection (worn)
 K - a +1 chain mail of cold resistance
 P - a +1 cloak of fire resistance (worn)
 W - a +2 pair of gloves of stealth (worn)
 Z - a +0 cloak of preservation
Magical Staves
 R - a staff of cold
Jewellery
 c - a ring of magical power
 g - a +5 ring of evasion
 z - a +6 ring of strength (left hand)
 J - a ring of magical power
 M - a ring of flight
 N - a ring of protection from fire (right hand)
 Q - a +6 ring of dexterity
 V - a ring of poison resistance
Wands
 d - a wand of flame (49)
 l - a wand of mindburst (22)
 o - a wand of polymorph (12)
 v - a wand of digging (5)
 w - a wand of iceblast (13)
 T - a wand of acid (5)
Scrolls
 k - 5 scrolls of poison
 m - a scroll of butterflies
 t - 2 scrolls of teleportation
 B - 2 scrolls of identify
 G - 5 scrolls of fog
 H - 2 scrolls of magic mapping
Potions
 b - 6 potions of curing
 e - a potion of magic
 f - 4 potions of attraction
 h - 4 potions of flight
 n - 2 potions of cancellation
 s - 4 potions of lignification
 u - 2 potions of resistance
 x - a potion of ambrosia
 O - 2 potions of brilliance
 U - a potion of haste


   Skills:
 + Level 12.2 Fighting
 * Level 22.5 Axes
 * Level 7.5 Throwing
 + Level 11.4 Armour
 + Level 10.2 Shields
 + Level 0.6 Unarmed Combat
 * Level 5.5 Spellcasting
 * Level 9.1 Invocations


You had 25 spell levels left.
You didn't know any spells.
Your spell library contained the following spells:

 Spells                   Type           Power      Damage    Failure   Level
 Apportation              Tloc           6%         N/A       93%         1
 Beastly Appendage        Tmut           6%         N/A       93%         1
 Kiss of Death            Conj/Necr      12%        2d6       93%         1
 Necrotise                Necr           12%        1d4       93%         1
 Sandblast                Erth           6%         2d5       93%         1
 Sting                    Tmut/Pois      12%        1d3       93%         1
 Passwall                 Tmut/Erth      2%         N/A       98%         2
 Wereblood                Tmut           3%         N/A       98%         2
 Confusing Touch          Hex            3%         N/A       100%        3
 Spider Form              Tmut/Pois      3%         N/A       100%        3
 Stone Arrow              Conj/Erth      6%         3d7       100%        3
 Dispel Undead            Necr           3%         3d7       100%        4
 Manifold Assault         Tloc           3%         N/A       100%        4
 Olgreb's Toxic Radiance  Pois           3%         N/A       100%        4
 Petrify                  Tmut/Erth      3%         N/A       100%        4
 Metabolic Englaciation   Hex/Ice        1%         N/A       100%        5
 Dispersal                Tloc           1%         N/A       100%        6
 Statue Form              Tmut/Erth      2%         N/A       100%        6
 Storm Form               Tmut/Air       1%         N/A       100%        7
 Discord                  Hex            1%         N/A       100%        8
 Disjunction              Tloc           1%         N/A       100%        8
 Ignition                 Fire           1%         3d3       100%        8
 Summon Small Mammal      Summ           Unusable   N/A       N/A         1

Dungeon Overview and Level Annotations

Branches:
Dungeon (10/15)            Temple (1/1) D:7            Lair (3/5) D:10
  Swamp (0/4) Lair:2       Spider (4/4) Lair:3      Volcano (visited)
    Orc: D:9-12

Altars:
Ashenzari
Cheibriados
Dithmenos
Elyvilon
Fedhas
Gozag
Hepliaklqana
Kikubaaqudgha
Makhleb
Nemelex Xobeh
Okawaru
Qazlal
Ru
Sif Muna
Trog
Uskayaw
Vehumet
Wu Jian
Yredelemnul
Zin
The Shining One

Shops:
D:5 [   D:10 :![=

Annotations:
D:9 1 runed translucent door
Temple 4 transporters


Innate Abilities, Weirdness & Mutations

You have a pair of small horns on your head.
You are agile. (Dex +4, Str/Int -1)
You sometimes lose your temper in combat.
Your mind is acute. (Int +4, Str/Dex -1)
You passively map a small area around you.
You are weak. (Str -2)
You passively dampen the noise of your surroundings.


Message History

You block the spark wasp's attack.
You hit the spark wasp but do no damage.
The spark wasp is lightly wounded.
The spark wasp stings you! The spark wasp shocks you!
You hit the spark wasp. Your headbutt misses the spark wasp.
The spark wasp is lightly wounded.
The spark wasp stings you but does no damage.
You slash the spark wasp!
You feel better.
The spark wasp is moderately wounded.
The spark wasp stings you. The spark wasp shocks you!
You hit the spark wasp. Your headbutt misses the spark wasp.
The spark wasp is moderately wounded.
The spark wasp barely misses you.
You hit the spark wasp.
You feel better.
Your headbutt misses the spark wasp.
The spark wasp is moderately wounded.
You block the spark wasp's attack.
You hit the spark wasp.
You feel better.
You headbutt the spark wasp.
The spark wasp is heavily wounded.
You block the spark wasp's attack. The spark wasp stings you!!
The spark wasp shocks you!
You barely miss the spark wasp.
You headbutt the spark wasp, but do no damage.
The spark wasp is heavily wounded.
You block the spark wasp's attack.
You barely miss the spark wasp.
The spark wasp is heavily wounded.
You block the spark wasp's attack.
You closely miss the spark wasp.
The spark wasp is heavily wounded.
The spark wasp stings you. The spark wasp shocks you!
You barely miss the spark wasp.
The spark wasp is heavily wounded.
The spark wasp stings you! The spark wasp shocks you!
* * * LOW HITPOINT WARNING * * *
You hit the spark wasp.
The spark wasp is heavily wounded.
The spark wasp stings you!
* * * LOW HITPOINT WARNING * * *
The spark wasp shocks you!
You die...

^ , #.....#^.##^... *
*..##.^#.....#...##..^
..#.....#..†....###.
...........†.#..^#..
............##..#.#
#...######.....####
#..# *####....### #.y#
yyy##..###.## #.@#
ywwy##..#..^..
#..##ywwy #....†#..
#..##yyy *#....###.
#..####**##..#.###.
#...######...#.##^.
##.............###.
##.....[..######..
########## ##. ##


You could see a spark wasp.

Vanquished Creatures
  Nikola (Spider:3)
  Asterion (Spider:3)
  Roxanne (Spider:2)
  A ghost moth (Spider:2)
  A spark wasp (Spider:3)
  7 entropy weavers
  A rakshasa (D:9)
  4 boulder beetles
  Erica (D:9)
  A catoblepas (Lair:3)
  2 jorogumos
  A radroach (Spider:3)
  2 two-headed ogres
  A hell knight (Volcano)
  A sun moth (Spider:2)
  9 pharaoh ants
  An obsidian statue (D:10)
  5 orb spiders
  Pikel (D:4)
  5 steelbarb worms
  A lindwurm (Lair:3)
  A deep elf pyromancer (D:9)
  The ghost of Banquo the Magician, a novice DjIE of Cheibriados (D:7)
  A cyclops (D:9)
  20 wolf spiders
  5 ugly things
  2 moths of wrath (Spider:1)
  9 demonic crawlers
  4 torpor snails
  A black mamba (Lair:3)
  6 cane toads
  A smoke demon (Volcano)
  2 rime drakes (Lair:3)
  3 komodo dragons
  Psyche (D:10)
  A red devil (Volcano)
  A troll (D:9)
  16 tarantellas
  4 blink frogs (Lair:1)
  A hornet (D:9)
  4 slime creatures (D:9)
  18 culicivoras
  Sigmund (D:2)
  A wraith (D:9)
  3 wyverns
  23 jumping spiders
  27 yaks
  5 basilisks
  Eustachio (D:5)
  50 redbacks
  A steam dragon (D:10)
  Menkaure (D:5)
  5 vampire mosquitoes
  2 hell hounds (Volcano)
  2 acid dragons
  7 water moccasins
  2 orc warriors
  A sky beast (D:6)
  An ogre (D:6)
  4 black bears
  2 centaurs (D:9)
  A lemure (D:4)
  2 phantoms
  Blork the orc (D:5)
  2 kobold brigands (D:8)
  13 bullfrogs
  A gnoll sergeant (D:9)
  4 scorpions
  7 wights
  4 killer bees (D:8)
  An electric eel (Lair:2)
  2 jellies
  3 howler monkeys
  6 hounds
  2 gnoll boudas
  6 orc priests
  2 iguanas
  Ijyb (D:4)
  2 sleepcaps
  Jessica (D:2)
  9 orc wizards
  4 hell rats (Lair:3)
  11 adders
  15 gnolls
  A shadow imp (D:7)
  2 white imps
  2 worms
  3 dart slugs
  27 orcs
  13 endoplasms
  4 giant cockroaches
  9 hobgoblins
  7 jackals
  14 kobolds
  5 quokkas
  7 ball pythons
  7 bats
  4 frilled lizards
  4 goblins
  5 rats
  A spectral orc (D:4)
504 creatures vanquished.

Vanquished Creatures (others)
  2 wolf spiders
  A yak (Lair:3)
  A redback (Spider:3)
  46 fungi
  34 plants
84 creatures vanquished.

Grand Total: 588 creatures vanquished

Notes
Turn   | Place    | Note
-------+----------+-------------------------------------------
     0 | D:1      | glacial86 the Hill Orc Fighter began the quest for the Orb.
     0 | D:1      | Reached XP level 1. HP: 19/19 MP: 1/1
   102 | D:1      | Reached skill level 3 in Axes
   242 | D:1      | Reached XP level 2. HP: 24/26 MP: 2/2
   299 | D:1      | Reached skill level 4 in Axes
   643 | D:1      | Reached XP level 3. HP: 31/31 MP: 3/3
  1010 | D:2      | Reached skill level 5 in Axes
  1111 | D:2      | Reached XP level 4. HP: 36/39 MP: 4/4
  1164 | D:2      | Noticed Sigmund
  1169 | D:2      | Noticed Jessica
  1180 | D:2      | Killed Jessica
  1181 | D:2      | Reached skill level 6 in Axes
  1195 | D:2      | Killed Sigmund
  1196 | D:2      | Reached skill level 8 in Axes
  1196 | D:2      | Reached XP level 5. HP: 35/45 MP: 5/5
  1196 | D:2      | Reached XP level 6. HP: 40/51 MP: 6/6
  1253 | D:2      | Identified the +1 robe of Twilight {rN+}
  2071 | D:3      | Found a sacrificial altar of Ru.
  2152 | D:3      | Reached skill level 9 in Axes
  2161 | D:3      | Found an iron altar of Okawaru.
  2177 | D:3      | Became a worshipper of Warmaster Okawaru
  2239 | D:3      | Reached XP level 7. HP: 54/57 MP: 7/7
  2249 | D:3      | Reached skill level 1 in Throwing
  2861 | D:4      | Noticed Pikel
  2881 | D:4      | Killed Pikel
  2881 | D:4      | Reached * piety under Okawaru
  2881 | D:4      | Reached ** piety under Okawaru
  2882 | D:4      | Reached skill level 12 in Axes
  2882 | D:4      | Reached XP level 8. HP: 14/64 MP: 8/8
  3467 | D:4      | Noticed Ijyb
  3484 | D:4      | Killed Ijyb
  3679 | D:4      | Found a basalt altar of Yredelemnul.
  3723 | D:5      | Entered Level 5 of the Dungeon
  3856 | D:5      | Reached skill level 13 in Axes
  4053 | D:5      | Noticed Eustachio
  4124 | D:5      | Killed Eustachio
  4346 | D:5      | Reached skill level 14 in Axes
  4361 | D:5      | Noticed Blork the orc
  4373 | D:5      | Killed Blork the orc
  4373 | D:5      | Reached *** piety under Okawaru
  4374 | D:5      | Reached XP level 9. HP: 43/70 MP: 9/9
  4567 | D:5      | Noticed Menkaure
  4576 | D:5      | Killed Menkaure
  4785 | D:5      | Gained mutation: You have a pair of small horns on your
                  | head. [potion of mutation]
  4785 | D:5      | Gained mutation: You have hidden genetic potential. [potion
                  | of mutation]
  4785 | D:5      | Gained mutation: You passively map a small area around you.
                  | [potion of mutation]
  4899 | D:5      | Found Irefeoli's Antique Armour Shoppe.
  4908 | D:5      | Bought a pair of glowing boots for 270 gold pieces
  5081 | D:5      | Reached skill level 15 in Axes
  5241 | D:6      | Found a shadowy altar of Dithmenos.
  5267 | D:6      | Noticed a two-headed ogre
  5279 | D:6      | Killed a two-headed ogre
  5279 | D:6      | Reached **** piety under Okawaru
  5280 | D:6      | Reached skill level 16 in Axes
  5650 | D:6      | Reached skill level 17 in Axes
  5657 | D:6      | Reached XP level 10. HP: 64/78 MP: 10/10
  5989 | D:7      | Found a staircase to the Ecumenical Temple.
  6012 | Temple   | Entered the Ecumenical Temple
  6012 | Temple   | Found a transporter.
  6012 | Temple   | Found a transporter.
  6014 | Temple   | Found a transporter.
  6014 | Temple   | Found a transporter.
  6130 | D:7      | Found a runed translucent door.
  6130 | D:7      | Noticed Banquo's ghost (novice DjIE)
  6158 | D:7      | Killed Banquo's ghost
  6158 | D:7      | Reached ***** piety under Okawaru
  6170 | D:7      | Gained mutation: You have great hidden genetic potential.
                  | [hidden potential]
  6991 | D:8      | Reached skill level 18 in Axes
  7060 | D:8      | Found a bloodstained altar of Trog.
  7623 | D:9      | Noticed Erica
  7644 | D:9      | Killed Erica
  7645 | D:9      | Reached skill level 5 in Fighting
  7645 | D:9      | Reached skill level 5 in Armour
  7890 | D:9      | Found a runed translucent door.
  7890 | D:9      | Noticed a boulder beetle
  7893 | D:9      | Found a runed translucent door.
  7893 | D:9      | Found a runed translucent door.
  7893 | D:9      | Noticed a deep elf pyromancer
  7903 | D:9      | Killed a deep elf pyromancer
  7903 | D:9      | Received a gift from Okawaru
  8301 | D:9      | Noticed a brown ugly thing
  8319 | D:9      | Killed a brown ugly thing
  8408 | D:9      | Reached XP level 11. HP: 71/89 MP: 11/11
  8607 | D:9      | Received a gift from Okawaru
  8621 | D:9      | Gained mutation: You are agile. (Dex +4, Str/Int -1)
                  | [hidden potential]
  8621 | D:9      | Lost mutation: You have great hidden genetic potential.
                  | [hidden potential expressed]
  8642 | D:9      | Paralysed by a hornet for 2 turns
  8647 | D:9      | Reached skill level 19 in Axes
  8940 | D:9      | Noticed a rakshasa
  8941 | D:9      | Noticed a cyclops
  8942 | D:9      | Noticed a brown ugly thing
  8946 | D:9      | Noticed a red ugly thing
  8953 | D:9      | Killed a rakshasa
  8959 | D:9      | Killed a brown ugly thing
  8968 | D:9      | Killed a red ugly thing
  8984 | D:9      | Reached skill level 5 in Shields
  8988 | D:9      | Killed a cyclops
  9383 | D:9      | Found a glowing golden altar of the Shining One.
  9385 | D:9      | Found a broken altar of Ashenzari.
  9552 | D:9      | Killed a boulder beetle
  9849 | D:10     | Entered Level 10 of the Dungeon
  9857 | D:10     | Noticed a brown ugly thing
  9871 | D:10     | Killed a brown ugly thing
  9899 | D:10     | Identified the +1 great sword "Kaittes" {elec, rElec rPois}
 10012 | D:10     | Reached XP level 12. HP: 87/102 MP: 12/12
 10192 | D:10     | Identified the +1 pair of boots of the Bagpipe {rF+ rC+
                  | Str+3} (Okawaru gifted it to you on level 10 of the
                  | Dungeon)
 10192 | D:10     | Received a gift from Okawaru
 10240 | D:10     | Found Ilea's Book Emporium.
 10298 | D:10     | Found Dyafer's Distillery.
 10302 | D:10     | Found Ebro's Antique Armour Emporium.
 10303 | D:10     | Found Luetau's Jewellery Emporium.
 10312 | D:10     | Bought a pair of gloves for 126 gold pieces
 10321 | D:10     | Bought a ring of poison resistance for 200 gold pieces
 10564 | D:10     | Reached skill level 20 in Axes
 10613 | D:10     | Noticed Psyche
 10613 | D:10     | Noticed a two-headed ogre
 10628 | D:10     | Killed Psyche
 10639 | D:10     | Gained mutation: Your mind is acute. (Int +4, Str/Dex -1)
                  | [hidden potential]
 10661 | D:10     | Found a staircase to the Lair.
 10848 | D:10     | Killed a two-headed ogre
 11075 | D:10     | Gained mutation: You sometimes lose your temper in combat.
                  | [a neqoxec]
 11078 | D:10     | Gained mutation: You are weak. (Str -2) [a neqoxec]
 11525 | Lair:1   | Entered Level 1 of the Lair of Beasts
 11538 | Lair:1   | Identified the +8 plate armour of Baldness {rPois}
 11687 | Lair:1   | Reached ****** piety under Okawaru
 12460 | Lair:2   | Reached skill level 1 in Invocations
 12648 | Lair:2   | Found a dark tunnel.
 12657 | Volcano  | Entered a volcano
 12795 | Volcano  | Noticed a hell knight
 12810 | Volcano  | Killed a hell knight
 12811 | Volcano  | Reached skill level 1 in Spellcasting
 13278 | Lair:2   | Found a staircase to the Swamp.
 13849 | Lair:3   | Received a gift from Okawaru
 13902 | Lair:3   | Reached XP level 13. HP: 113/113 MP: 15/15
 14072 | Lair:3   | Reached skill level 21 in Axes
 14091 | Lair:3   | Gained mutation: You passively dampen the noise of your
                  | surroundings. [hidden potential]
 14091 | Lair:3   | Lost mutation: You have hidden genetic potential. [hidden
                  | potential expressed]
 14190 | Lair:3   | Reached skill level 10 in Fighting
 14603 | Lair:3   | Found a hole to the Spider Nest.
 14624 | Lair:3   | Received a gift from Okawaru
 14770 | Spider:1 | Entered Level 1 of the Spider Nest
 15020 | Spider:1 | Received a gift from Okawaru
 15141 | Spider:1 | Reached skill level 5 in Invocations
 15264 | Spider:1 | Noticed an entropy weaver
 15272 | Spider:1 | Killed an entropy weaver
 15445 | Spider:1 | Received a gift from Okawaru
 15446 | Spider:1 | Reached skill level 10 in Armour
 15570 | Spider:1 | Received a gift from Okawaru
 15844 | Spider:1 | Noticed an entropy weaver
 15861 | Spider:1 | Killed an entropy weaver
 16191 | Spider:1 | Received a gift from Okawaru
 16747 | Spider:2 | Reached skill level 5 in Throwing
 16747 | Spider:2 | Reached XP level 14. HP: 60/122 MP: 16/19
 18035 | Spider:2 | Received a gift from Okawaru
 18367 | Spider:2 | Received a gift from Okawaru
 18708 | Spider:2 | Paralysed by a jorogumo for 1 turns
 18999 | Spider:2 | Reached skill level 22 in Axes
 19315 | Spider:2 | Killed a ghost moth
 19452 | Spider:2 | Identified Roxanne's Folio of Evolution
 19452 | Spider:2 | Noticed Roxanne
 19502 | Spider:2 | Killed Roxanne
 19502 | Spider:2 | Received a gift from Okawaru
 20231 | Spider:3 | Reached XP level 15. HP: 116/132 MP: 22/22
 20234 | Spider:3 | Noticed Nikola
 20245 | Spider:3 | HP: 2/132 [Nikola/arc of chain lightning (66)]
 20256 | Spider:3 | Killed Nikola
 20340 | Spider:3 | Paralysed by a jorogumo for 1 turns
 20596 | Spider:3 | Reached skill level 5 in Spellcasting
 21075 | Spider:3 | Noticed Asterion
 21077 | Spider:3 | Noticed a balrug
 21096 | Spider:3 | Killed Asterion
 21488 | Spider:3 | Reached skill level 10 in Shields
 22139 | Spider:4 | Entered Level 4 of the Spider Nest
 22658 | Spider:4 | Slain by a spark wasp

Illustrated notes

Levels and vault maps discovered:
D:1:      zaba_arrival_water, layout_loops_corners
D:2:      layout_basic, grunt_decor_cap, minmay_strange_pillars,
          minmay_heptomino_w4, uniq_jessica, uniq_sigmund
D:3:      layout_basic, mainiacjoe_overflow_paths, mainiacjoe_overflow_brackets
D:4:      layout_basic, yredelemnul_forgotten_temple_becter, uniq_pikel,
          uniq_ijyb
D:5:      layout_basic, serial_shops, shop, uniq_menkaure, uniq_eustachio,
          uniq_blork_the_orc
D:6:      layout_gridville, lemuel_coloured_pillars_altar
D:7:      layout_rooms, minmay_temple_entry_mist, hellmonk_ghost_happy_afterlife
D:8:      layout_basic, trog_three_pillars_becter
D:9:      minmay_the_grid_four_pointed_star
          [minmay_the_grid_triangle_9x9_semitri,
          minmay_the_grid_triangle_9x9_corruption,
          minmay_the_grid_triangle_9x9_fully_insulated_deathbox,
          minmay_the_grid_triangle_9x9_zippers_horizontal,
          minmay_the_grid_prize_big_room], layout_basic,
          chequers_temple_overflow_statue_of_worship, minmay_tree_intersection,
          nicolae_concentric_dashed_squares_wild, minivault_22,
          minmay_misc_feat_tiny, minivault_19, serial_bayou_pond_e,
          kennysheep_nondescript, uniq_erica
D:10:     layout_irregular_city, due_lair_maze_entry_diamond, minivault_16,
          minmay_shop_grid_forest, uniq_psyche
Temple:   hellmonk_temple_divided_pantheon
Lair:1:   layout_cellular_growth
Lair:2:   layout_regular_city, swamp_mist_pool,
          lightli_volcano_entry_magma_tube, grunt_megastairs_1,
          infiniplex_staircase_pool_2
Lair:3:   layout_small_grid, spider_nest_entry_a
Spider:1: layout_spider_delve
Spider:2: layout_chambers, nicolae_spider_some_kinda_spiderbox, uniq_roxanne
Spider:3: layout_chambers, portal_ice_cave_entry_pillars_1, uniq_nikola,
          uniq_asterion
Spider:4: grunt_spider_rune_circles, hive_lemuel

Skill      XL: |  1  2  3  4  5  6  7  8  9 10 11 12 13 14 15 |
---------------+----------------------------------------------+-----
Axes           | 3 4 5 8 9 12 14 17 18 19 20 21 22 | 22.5
Throwing       | 1 2 3 5 6 7 |  7.5
Fighting       | 5 8 9 10 11 12 | 12.2
Armour         | 5 8 9 10 11 | 11.4
Shields        | 4 5 7 8 9 10 | 10.2
Invocations    | 3 6 8 9 |  9.1
Spellcasting   | 1 3 4 5 |  5.5
Unarmed Combat | |  0.6

Action                     |  1- 3 |  4- 6 |  7- 9 | 10-12 | 13-15 || total
---------------------------+-------+-------+-------+-------+-------++-------
  Melee: War axe           |    95 |   124 |   313 |   637 |  1084 ||  2253
         Headbutt          |       |       |    17 |   137 |   275 ||   429
         Unarmed           |       |       |       |     5 |       ||     5
  Throw: Stone             |    20 |       |    37 |     7 |       ||    64
         Boomerang         |       |     4 |    33 |    13 |    91 ||   141
         Dart              |       |       |    10 |       |    97 ||   107
 Invoke: Heroism           |       |       |       |     1 |    15 ||    16
         Finesse           |       |       |       |       |    13 ||    13
  Evoke: Wand              |       |       |       |       |     1 ||     1
    Use: Scroll            |     2 |     2 |    10 |    15 |     6 ||    35
         Potion            |       |     1 |     4 |     7 |     9 ||    21
   Stab: Petrified         |       |       |       |       |     5 ||     5
         Petrifying        |       |       |       |       |     1 ||     1
 Armour: Scale mail        |    30 |       |       |       |       ||    30
         Chain mail        |     3 |    41 |    95 |   162 |       ||   301
         Plate armour      |       |       |       |    89 |   820 ||   909
  Dodge: Dodged            |    36 |    60 |   136 |   153 |   275 ||   660
  Block: Buckler           |    23 |    23 |    61 |    30 |       ||   137
         Kite shield       |       |       |       |   177 |   739 ||   916

Table legend: (Time is in decaauts)
 A = Elapsed time spent in this place.
 B = Non-inter-level travel time spent in this place.
 C = Inter-level travel time spent in this place.
 D = Time resting spent in this place.
 E = Time spent auto-exploring this place.
 F = Levels seen in this place.
 G = Mean time per level.
                   A        B        C        D        E       F      G
               +--------+--------+--------+--------+--------+-----+--------+
         Total |  22487 |  22487 |      0 |   7449 |   8515 |  19 | 1183.5 |
       Dungeon |  11386 |  11386 |      0 |   3410 |   4643 |  10 | 1138.6 |
        Temple |     25 |     25 |      0 |      0 |      6 |   1 |   25.0 |
          Lair |   2683 |   2683 |      0 |    481 |   1325 |   3 |  894.3 |
   Spider Nest |   7803 |   7803 |      0 |   3355 |   2303 |   4 | 1950.8 |
       Volcano |    588 |    588 |      0 |    202 |    237 |   1 |  588.0 |
               +--------+--------+--------+--------+--------+-----+--------+

Top non-repeatable levels by time:
Spider:2: 3229 daAuts
     D:9: 2236 daAuts
Spider:3: 2131 daAuts
Spider:1: 1902 daAuts
    D:10: 1620 daAuts
     D:5: 1357 daAuts
     D:2: 1095 daAuts
     D:4: 1052 daAuts
     D:1: 1021 daAuts
  Lair:3: 991 daAuts
  Lair:2: 925 daAuts
     D:6: 872 daAuts
  Lair:1: 767 daAuts
     D:7: 764 daAuts
     D:8: 743 daAuts
